 Dungeon Crawl Stone Soup version 0.28.0-53-g5a82cb258f (webtiles) character file.

Game seed: 11250375310680261052

1080 RedNights the Grave Robber (level 8, -1/56 HPs)
             Began as a Mummy Necromancer on July 8, 2022.
             Was an Initiate of Qazlal.
             Shot with an arrow by a centaur (10 damage)
             ... on level 7 of the Dungeon.
             The game lasted 00:35:45 (11430 turns).

RedNights the Grave Robber (Mummy Necromancer)     Turns: 11430, Time: 00:35:45

Health: -1/56      AC:  2    Str: 11    XL:     8   Next: 8%
Magic:  18/18      EV: 12    Int: 17    God:    Qazlal [......]
Gold:   272        SH:  0    Dex: 12    Spells: 12/21 levels left

rFire   x . .      SeeInvis .   f - +0 dagger
rCold   + . .      Faith    .   (no shield)
rNeg    + + +      Spirit   .   a - +0 robe
rPois   ∞          Reflect  .   (no helmet)
rElec   .          Harm     .   (no cloak)
rCorr   .          Rampage  .   (no gloves)
Will    +....                   (no boots)
Stlth   ++........              (no amulet)
HPRegen 0.18/turn               (no ring)
MPRegen 0.16/turn               (no ring)

@: no status effects
A: cold resistance 1, negative energy resistance 3, torment resistance 2, heat
vulnerability 1, no potions
a: Renounce Religion


You were on level 7 of the Dungeon.
You worshipped Qazlal.
Qazlal was noncommittal.
You visited 2 branches of the dungeon, and saw 8 of its levels.

You collected 272 gold pieces.

Inventory:

Hand Weapons
 f - a +0 dagger (weapon)
Missiles
 d - 88 stones (quivered)
 h - 4 poisoned darts
 m - 3 curare-tipped darts
 o - a throwing net
Armour
 a - a +0 robe (worn)
 s - a +0 leather armour
Magical Staves
 l - a staff of fire
Wands
 i - a wand of paralysis (19)
 k - a wand of charming (6)
 q - a wand of polymorph (7)
Scrolls
 b - 3 scrolls of teleportation
 c - 3 scrolls of amnesia {unknown}
 e - 2 scrolls of holy word {unknown}
 j - 4 scrolls of identify {unknown}
 n - a scroll of immolation {unknown}
 r - a scroll of fear {unknown}


   Skills:
 + Level 2.3 Fighting
 + Level 1.5 Short Blades
 + Level 2.6 Dodging
 - Level 1.5 Stealth
 + Level 7.0 Spellcasting
 * Level 7.1 Necromancy
 + Level 0.4 Translocations
 - Level 0.7 Invocations
 - Level 1.3 Evocations


You had 12 spell levels left.
You knew the following spells:

 Your Spells              Type           Power      Damage    Failure   Level
a - Pain                  Necr           100%       1d9       1%          1
b - Animate Skeleton      Necr           60%        N/A       1%          1
c - Vampiric Draining     Necr           30%        2d8       1%          3
d - Animate Dead          Necr           15%        N/A       6%          4

Your spell library contained the following spells:

 Spells                   Type           Power      Damage    Failure   Level
 Agony                    Necr           30%        N/A       17%         5
 Gell's Gravitas          Tloc           7%         N/A       28%         3
 Lesser Beckoning         Tloc           7%         N/A       28%         3
 Teleport Other           Tloc           7%         N/A       28%         3


Dungeon Overview and Level Annotations

Branches:
Dungeon (7/15)             Temple (1/1) D:4

Altars:
Ashenzari
Cheibriados
Dithmenos
Elyvilon
Fedhas
Gozag
Hepliaklqana
Kikubaaqudgha
Nemelex Xobeh
Okawaru
Qazlal
Ru
Sif Muna
Trog
Uskayaw
Yredelemnul
The Shining One

Shops:
D:3 (

Annotations:
D:3 1 exclusion
D:4 exclusions: door, necrophage and ogre
D:5 Pikel
D:6 Grinder


Innate Abilities, Weirdness & Mutations

You are immune to poison.
Your flesh is cold resistant. (rC+)
You are immune to negative energy. (rN+++)
You are immune to unholy pain and torment.
You are vulnerable to heat. (rF-)
You do not drink.


Message History

Aim: an orc, wielding a +0 hand axe and wearing a +0 leather armour (heavily wounded, chance to affect: 93%)
The orc writhes in agony.
The orc hits you with a +0 hand axe.
Casting: Pain (safe; 1% risk of failure)
Confirm with . or Enter, or press ? or * to list all spells.
Aiming: Vampiric Draining (safe; 1% risk of failure)
Press: ? - help, Shift-Dir - straight line, f/p - orc
Aim: an orc, wielding a +0 hand axe and wearing a +0 leather armour (severely wounded)
You draw life force from the orc!
You kill the orc!
Qazlal accepts your kill.
You feel life coursing into your body.
Things that are here:
a +0 hand axe; a +0 leather armour Magic restored.
Found an escape hatch in the floor.
You now have 272 gold pieces (gained 10).
You see here a +0 leather armour.
s - a +0 leather armour
Okay, then.
You drop a +0 leather armour. x2
Found a stone staircase leading down.
d - 88 stones (gained 23)
There is a stone staircase leading down here.
A centaur comes into view.
The centaur shouts!
The centaur wields a +0 shortbow.
The centaur shoots an arrow.
The arrow hits you!
Casting: Vampiric Draining (safe; 1% risk of failure)
Confirm with . or Enter, or press ? or * to list all spells.
Okay, then.
The centaur shoots an arrow.
The arrow hits you!
The centaur shoots an arrow.
The arrow hits you!
The centaur shoots an arrow.
The arrow hits you!
* * * LOW HITPOINT WARNING * * *
The centaur shoots an arrow.
The arrow closely misses you.
You see here a scroll labelled YJORUBB JURIOJE.
The centaur shoots an arrow.
The arrow closely misses you.
Okay, then.
The centaur shoots an arrow.
The arrow hits you!
You die...

....#.#....# #...................
.#..#####..###.............#.....
##...##....##....<.........##.##.
####.##....###.#.................
.....##.#.###....#.............#.
.....#..##........ ........ .#
.....##..........###...
.###.............#...# .#
##...........@#..# .#
#..............# .##
##..........?..##
..####..............##
.###.................#
)#.#.................#
.....................#
...................c.#
..................##...#


You could see a centaur.

Vanquished Creatures
  Prince Ribbit (D:6)
  2 scorpions
  A water moccasin skeleton (D:5)
  A centaur zombie (D:5)
  An electric eel (D:7)
  2 hounds (D:6)
  A jelly (D:5)
  An orc priest (D:4)
  A gnoll shaman (D:4)
  A bullfrog skeleton (D:5)
  3 iguanas
  2 orc wizards
  2 scorpion zombies (D:5)
  A killer bee zombie (D:6)
  7 gnolls
  A howler monkey skeleton (D:4)
  4 adders
  2 worms (D:3)
  7 dart slugs
  16 orcs
  5 endoplasms
  2 giant cockroaches (D:2)
  4 goblins
  5 hobgoblins
  4 jackals
  3 quokkas
  11 ball pythons
  6 bats
  2 frilled lizards
  A kobold (D:3)
  8 rats
108 creatures vanquished.

Vanquished Creatures (collateral kills)
  A hound (D:6)
  2 endoplasms
  A hobgoblin (D:1)
  2 jackals (D:5)
  A quokka (D:5)
  A kobold (D:3)
  2 rats (D:3)
10 creatures vanquished.

Grand Total: 118 creatures vanquished

Notes
Turn   | Place    | Note
-------+----------+-------------------------------------------
     0 | D:1      | RedNights the Mummy Necromancer began the quest for the
                  | Orb.
     0 | D:1      | Reached XP level 1. HP: 13/13 MP: 4/4
    71 | D:1      | Learned a level 1 spell: Animate Skeleton
   416 | D:1      | Found a faded altar of an unknown god.
   433 | D:1      | Reached XP level 2. HP: 19/19 MP: 4/6
  1512 | D:2      | Reached XP level 3. HP: 24/24 MP: 4/8
  2959 | D:3      | Reached XP level 4. HP: 30/30 MP: 5/10
  2963 | D:3      | Learned a level 3 spell: Vampiric Draining
  3003 | D:3      | Noticed a moth of wrath
  3006 | D:3      | Found a bloodstained altar of Trog.
  3306 | D:2      | Reached skill level 5 in Necromancy
  3489 | D:3      | Found Jagiruv's Antique Weapon Boutique.
  4123 | D:4      | Found a staircase to the Ecumenical Temple.
  4131 | Temple   | Entered the Ecumenical Temple
  4223 | Temple   | Became a worshipper of Qazlal Stormbringer
  4298 | D:4      | Reached XP level 5. HP: 35/35 MP: 3/12
  4302 | D:4      | Reached skill level 5 in Spellcasting
  4564 | D:4      | Found a sacrificial altar of Ru.
  4618 | D:4      | Noticed an ogre
  4651 | D:4      | Noticed a necrophage
  4769 | D:4      | HP: 1/35 [something (1)]
  5085 | D:4      | Reached XP level 6. HP: 25/41 MP: 8/14
  5905 | D:5      | Entered Level 5 of the Dungeon
  5906 | D:5      | Noticed Pikel
  7383 | D:5      | HP: 2/42 [scorpion zombie (7)]
  8100 | D:5      | Reached skill level 1 in Fighting
  8353 | D:5      | Reached XP level 7. HP: 40/48 MP: 10/16
  8626 | D:4      | Reached skill level 1 in Evocations
  9204 | D:5      | Learned a level 4 spell: Animate Dead
  9385 | D:6      | Found a shadowy altar of Dithmenos.
  9406 | D:6      | Noticed Grinder
  9790 | D:6      | Noticed Prince Ribbit
  9798 | D:6      | Killed Prince Ribbit
  9799 | D:6      | Reached skill level 1 in Short Blades
 10916 | D:7      | Reached XP level 8. HP: 55/56 MP: 13/18
 11430 | D:7      | Shot with an arrow by a centaur

Illustrated notes

Levels and vault maps discovered:
D:1:      zaba_arrival_water, layout_basic,
          hellmonk_ecumenical_altar_arch_garden, dk_noncrumbling_4
D:2:      layout_basic, basic_altar, st_stairs_1, minivault_14,
          nicolae_concentric_dashed_squares_wild
D:3:      layout_loops_cross, tgw_trog, serial_shops,
          nicolae_shop_window_shopping
D:4:      layout_loops_corners, kennysheep_little_box, temple_statues
D:5:      layout_loops_ring, uniq_pikel
D:6:      layout_rooms, grunt_dithmenos_smoke, uniq_prince_ribbit1,
          uniq_grinder, uniq_maggie
D:7:      layout_cave_pools, grunt_temple_overflow_order_and_chaos_2,
          minivault_4
Temple:   nicolae_temple_great_sept

Skill      XL: |  1  2  3  4  5  6  7  8 |
---------------+-------------------------+-----
Spellcasting   | 3 4 5 6 7 |  7.0
Necromancy     | 5 6 7 |  7.1
Fighting       | 1 2 |  2.3
Dodging        | 2 |  2.6
Evocations     | 1 |  1.3
Short Blades   | 1 |  1.5
Stealth        | |  1.5
Translocations | |  0.4
Invocations    | |  0.7

Action                   |  1- 3 |  4- 6 |  7- 9 || total
-------------------------+-------+-------+-------++-------
Melee: Unarmed           |    12 |       |       ||    12
       Dagger            |    32 |   160 |    54 ||   246
       Punch             |     1 |     5 |       ||     6
Throw: Stone             |     5 |    11 |     9 ||    25
 Cast: Pain              |    61 |    83 |    56 ||   200
       Animate Skeleton  |    20 |    11 |     2 ||    33
       Vampiric Draining |       |     9 |    10 ||    19
       Animate Dead      |       |       |     4 ||     4
Evoke: Wand              |       |     1 |       ||     1
  Use: Scroll            |       |     1 |       ||     1
 Stab: Sleeping          |     9 |     2 |     2 ||    13
Armor: Robe              |    16 |    26 |     6 ||    48
Dodge: Dodged            |    48 |   129 |    62 ||   239
